 Dungeon Crawl Stone Soup version 0.30.1-9-gdf580d7c3d (webtiles) character file.

Game seed: 7964745342553976028

21499 arthad the Frost Mage (level 12, 0/60 HPs)
             Began as a Vine Stalker Ice Elementalist on Oct 7, 2023.
             Was an Elder of Vehumet.
             Slain by a skeletal warrior
             ... wielding a +0 scimitar
              (19 damage)
             ... on level 12 of the Dungeon.
             The game lasted 01:07:55 (13555 turns).

arthad the Frost Mage (VSIE)                       Turns: 13555, Time: 01:07:55

Health: 0/60       AC: 17    Str: 12    XL:     12   Next: 90%
Magic:  0/26       EV: 16    Int: 19    God:    Vehumet [****..]
Gold:   1697       SH:  0    Dex: 24    Spells: 8/30 levels left

rFire   + . .        a - +6 arbalest "Damnation" {damnation}
rCold   . . .        (shield currently unavailable)
rNeg    . . .        Q - +4 robe of Untold Secrets {rF+ Will+}
rPois   +            d - +5 helmet of Vlad {Will+ Dex+3}
rElec   .            l - +1 cloak {rPois}
rCorr   .            B - +0 pair of gloves
SInv    +            T - +1 pair of boots {Fly}
Will    +++..        S - amulet of the acrobat
Stlth   +++++        A - +6 ring of dexterity
HPRegen 1.10/turn    i - ring of see invisible
MPRegen 0.20/turn

%: acrobat, guardian spirit
@: about to teleport, spiked, flying
A: fangs 3, regeneration 1, magic shield, antimagic bite, no potion heal 2
a: Renounce Religion


You were on level 12 of the Dungeon.
You worshipped Vehumet.
Vehumet was greatly pleased with you.
You visited 2 branches of the dungeon, and saw 13 of its levels.
You also visited: Gauntlet.

You collected 1911 gold pieces.
You spent 214 gold pieces at shops.

Inventory:

Hand Weapons
 a - the +6 arbalest "Damnation" (weapon) {damnation}
   (You found it on level 10 of the Dungeon)
 b - the +8 quarterstaff "Celeass" {elec, rF+}
   (You found it on level 9 of the Dungeon)

   rF:        It protects you from fire.
 r - a +0 rapier
 P - a +1 dagger of freezing
 V - a +2 quarterstaff of chaos
 W - a +2 dagger of venom
 X - a +2 hammer of holy wrath
Missiles
 c - an atropa-tipped dart
 f - a throwing net
 h - 39 poisoned darts
 u - a boomerang
 v - 6 javelins
Armour
 d - the +5 helmet of Vlad (worn) {Will+ Dex+3}
   (You found it on level 10 of the Dungeon)

   Dex:       It affects your dexterity (+3).
   Will:      It increases your willpower.
 l - a +1 cloak of poison resistance (worn)
 o - an orb of wrath
 B - a +0 pair of gloves (worn)
 K - a +1 ring mail of poison resistance
 L - a +3 leather armour of poison resistance
 N - a +2 cloak
 Q - the +4 robe of Untold Secrets (worn) {rF+ Will+}
   (You bought it in a shop on level 7 of the Dungeon)

   rF:        It protects you from fire.
   Will:      It increases your willpower.
 T - a +1 pair of boots of flying (worn)
Magical Staves
 g - a staff of earth
 n - the staff of air "Qobrinima" {rElec rCorr Str-3 Int+6}
   (You acquired it on level 9 of the Dungeon)

   [staff of air]

   Base accuracy: +5 Base damage: 5 Base attack delay: 1.2 This weapon's minimum
   attack delay (0.6) is reached at skill level 12.
   Str:       It affects your strength (-3).
   Int:       It affects your intelligence (+6).
   rElec:     It insulates you from electricity.
   rCorr:     It protects you from acid and corrosion.
   It falls into the 'Staves' category.
   It is a one-handed weapon.
Jewellery
 e - a ring of willpower
 i - a ring of see invisible (right hand)
 A - a +6 ring of dexterity (left hand)
 F - a ring of protection from fire
 S - an amulet of the acrobat (around neck)
Wands
 H - a wand of flame (32)
 J - a wand of polymorph (2)
Scrolls
 j - 2 scrolls of fear
 k - 5 scrolls of enchant weapon
 q - a scroll of magic mapping
 x - 4 scrolls of teleportation
 y - 4 scrolls of fog
 z - 2 scrolls of amnesia
 C - 3 scrolls of vulnerability
 D - 4 scrolls of poison
 R - 2 scrolls of enchant armour
 Y - a scroll of brand weapon
Potions
 m - 4 potions of flight
 p - 2 potions of haste
 s - 5 potions of mutation
 t - 5 potions of heal wounds
 w - 3 potions of might
 E - a potion of lignification {unknown}
 G - a potion of ambrosia {unknown}
 I - 3 potions of attraction
 M - 4 potions of brilliance
 Z - a potion of cancellation {unknown}
Miscellaneous
 O - a piece from Xom's chessboard (15/15)


   Skills:
 + Level 5.9 Fighting
 * Level 4.4 Ranged Weapons
 - Level 1.6 Armour
 + Level 5.6 Dodging
 + Level 9.1 Stealth
 * Level 9.8 Spellcasting
 + Level 5.8 Conjurations
 + Level 5.9 Summonings
 + Level 3.4 Translocations
 * Level 10.4 Ice Magic
 + Level 4.0 Air Magic
 - Level 1.9 Evocations


You had 8 spell levels left.
You knew the following spells:

 Your Spells              Type           Power      Damage    Failure   Level
a - Freeze                Ice            100%       1d10      1%          1
b - Frozen Ramparts       Ice            98%        1d15      1%          3
c - Ozocubu's Armour      Ice            49%        N/A       1%          3
d - Summon Ice Beast      Ice/Summ       40%        N/A       2%          4
e - Static Discharge      Conj/Air       56%        2-5/arc   1%          2
f - Iskenderun's Mystic   Conj/Tloc      27%        2d7       3%          4
g - Freezing Cloud        Conj/Ice/Air   17%        6-21      3%          5

Your spell library contained the following spells:

 Spells                   Type           Power      Damage    Failure   Level
 Iron Shot                Conj/Erth      10%        9d3       63%         6
 Apportation              Tloc           44%        N/A       1%          1
 Magic Dart               Conj           100%       1d8       1%          1
 Summon Small Mammal      Summ           100%       N/A       1%          1
 Call Imp                 Summ           64%        N/A       1%          2
 Searing Ray              Conj           62%        2d6       1%          2
 Mephitic Cloud           Conj/Pois/Air  21%        N/A       1%          3
 Volatile Blastmotes      Fire/Tloc      30%        2d12      3%          3
 Iskenderun's Battlesphe  Conj           31%        2d8       5%          5
 Fulminant Prism          Conj/Hex       10%        3d9       6%          4
 Cigotuvi's Dreadful Rot  Necr/Pois/Air  28%        N/A       7%          2
 Beastly Appendage        Tmut           18%        N/A       8%          1
 Necrotise                Necr           36%        1d5       8%          1
 Wereblood                Tmut           9%         N/A       12%         2
 Spider Form              Tmut/Pois      9%         N/A       22%         3
 Lee's Rapid Deconstruct  Erth           4%         3d5*      45%         5


Dungeon Overview and Level Annotations

Branches:
Dungeon (12/15)            Temple (1/1) D:5            Lair (0/5) D:8
    Orc (0/2) D:11        Gauntlet (visited)

Altars:
Ashenzari
Cheibriados
Dithmenos
Elyvilon
Fedhas
Gozag
Hepliaklqana
Kikubaaqudgha
Makhleb
Nemelex Xobeh
Okawaru
Qazlal
Ru
Sif Muna
Trog
Uskayaw
Vehumet
Wu Jian
Xom
Yredelemnul
Zin
The Shining One

Shops:
D:7 *

Annotations:
D:6 2 transporters
D:8 1 runed translucent door


Innate Abilities, Weirdness & Mutations

You have razor-sharp teeth.
Your natural rate of healing is unusually fast.
When hurt, damage is shared between your health and your magic reserves.
Your bite disrupts and absorbs the magic of your enemies.
Potions cannot restore your health.


Message History

The volley of spikes hits you!
The barbed spikes become lodged in your body.
Casting: Iskenderun's Mystic Blast (dangerous; 3% risk of failure)
Confirm with . or Enter, or press ? or * to list all spells.
You erupt in a blast of force!
The mystic blast hits the manticore.
The manticore is moderately wounded.
The manticore is knocked back by the mystic blast.
The mystic blast hits the skeletal warrior but does no damage.
The skeletal warrior is almost destroyed.
The skeletal warrior misses you.
A troll comes into view.
A cyclops comes into view.
Fire: a) +6 arbalest "Damnation" {damnation}
Press: ? - help, Q - select action, (/) - cycle Shift-Dir - straight line, f - cyclops
Aim: a cyclops, quivering large rocks (89% to hit)
You shoot a damnation bolt. The damnation bolt hits the cyclops!
The cyclops is lightly wounded.
The damnation bolt explodes!
The damnation engulfs the cyclops!!
The cyclops is heavily wounded.
The damnation engulfs the manticore!
The manticore is heavily wounded.
The skeletal warrior hits you with a +0 scimitar! x2
The cyclops throws a large rock.
The large rock hits you!
* * * LOW HITPOINT WARNING * * *
As you read the scroll of teleportation, it crumbles to dust.
You feel strangely unstable.
The skeletal warrior closely misses you.
Casting: Iskenderun's Mystic Blast (dangerous; 3% risk of failure)
Confirm with . or Enter, or press ? or * to list all spells.
Aiming: Freeze (safe; 1% risk of failure)
Press: ? - help, Shift-Dir - straight line, f - skeletal warrior
Aim: a skeletal warrior, wielding a +0 scimitar (almost destroyed)
You freeze the skeletal warrior.
The skeletal warrior resists.
The skeletal warrior is almost destroyed.
The shadow completely misses you. The skeletal warrior misses you.
Aiming: Throw Flame
Press: ? - help, Shift-Dir - straight line, f/p - skeletal warrior
Aim: a skeletal warrior, wielding a +0 scimitar (almost destroyed, 71% to hit)
The puff of flame misses the skeletal warrior.
The skeletal warrior hits you with a +0 scimitar!!
You die...

#####...## #.
#.##...#.# #.#
##.#......# #...
#.........# ....
##.##......##
.#..####...........##
...)CH.#............#
#Wz..........##.#
##@......>......###
#.................
..............##...
...T#............#..
......#..........#....
......##..............
......................
................##.....
........#.......


You could see a skeletal warrior, a manticore, a cyclops, a troll and a shadow.

Vanquished Creatures
  A minotaur (Gauntlet)
  Josephine (D:11)
  5 two-headed ogres
  A glowing orange brain (Gauntlet)
  Pikel (D:7)
  A cyclops (D:10)
  2 manticores
  An elephant (Gauntlet)
  3 gargoyles
  An unseen horror (D:10)
  A komodo dragon (D:12)
  A troll (D:12)
  3 hornets
  2 centaur simulacra (Gauntlet)
  A water elemental (D:11)
  Sigmund (D:6)
  5 wraiths
  4 wyverns
  11 yaks
  2 shadows
  A basilisk (D:8)
  A vampire (D:11)
  5 vampire mosquitoes
  2 steam dragons
  2 water moccasins (D:8)
  A meliai simulacrum (Gauntlet)
  2 orc warriors
  3 ice beasts
  A black bear (D:8)
  2 wolves (D:8)
  4 centaurs
  A lemure (D:7)
  2 phantoms
  6 kobold brigands
  5 bullfrogs
  A gnoll sergeant (D:11)
  4 scorpions
  A troll zombie (D:11)
  10 wights
  11 killer bees
  2 howler monkeys
  An electric eel (D:11)
  A wyvern simulacrum (Gauntlet)
  2 orc priests
  4 iguanas
  A sleepcap (D:7)
  12 orc wizards
  4 ogre zombies (D:11)
  12 gnolls
  7 adders
  2 shadow imps (D:5)
  3 white imps
  A worm (D:3)
  2 dart slugs (D:2)
  22 orcs
  A bat (D:1)
  6 endoplasms
  5 giant cockroaches
  3 goblins
  6 hobgoblins
  18 kobolds
  5 quokkas
  9 ball pythons
  3 frilled lizards
  4 goblin zombies (D:11)
  A hobgoblin skeleton (D:11)
  3 hobgoblin zombies (D:11)
  2 orc skeletons (D:11)
  9 orc zombies (D:11)
  3 rats
267 creatures vanquished.

Vanquished Creatures (collateral kills)
  A two-headed ogre (D:10)
  2 ugly things (Gauntlet)
  2 hornets
  A centaur simulacrum (Gauntlet)
  A yak (D:9)
  Menkaure (D:5)
  2 acid dragons
  2 water moccasins (D:8)
  2 orc warriors
  2 black bears (D:8)
  A phantom (D:11)
  A scorpion (D:8)
  A wight (D:7)
  Crazy Yiuf (D:7)
  An ogre zombie (D:11)
  2 orcs (D:9)
23 creatures vanquished.

Grand Total: 290 creatures vanquished

Notes
Turn   | Place    | Note
-------+----------+-------------------------------------------
     0 | D:1      | arthad the Vine Stalker Ice Elementalist began the quest
                  | for the Orb.
     0 | D:1      | Reached XP level 1. HP: 9/9 MP: 4/4
   229 | D:1      | Reached XP level 2. HP: 11/13 MP: 0/6
   556 | D:1      | Reached XP level 3. HP: 9/17 MP: 4/8
  1101 | D:2      | Reached skill level 1 in Fighting
  1101 | D:2      | Gained mutation: Your natural rate of healing is unusually
                  | fast. [Vine Stalker growth]
  1101 | D:2      | Reached XP level 4. HP: 11/22 MP: 2/9
  1955 | D:3      | Reached XP level 5. HP: 20/25 MP: 1/11
  1959 | D:3      | Learned a level 3 spell: Frozen Ramparts
  1963 | D:3      | Learned a level 3 spell: Ozocubu's Armour
  2198 | D:3      | Found a snail-covered altar of Cheibriados.
  2492 | D:3      | Noticed a phantom
  2524 | D:3      | Killed a phantom
  2525 | D:3      | Reached skill level 5 in Ice Magic
  2793 | D:4      | Reached XP level 6. HP: 23/30 MP: 6/12
  3295 | D:4      | Got Qebiuf's Enchiridion on Weathered Hurting
  3406 | D:4      | Reached XP level 7. HP: 31/35 MP: 10/14
  3693 | D:4      | Found a stormy altar of Qazlal.
  3693 | D:4      | Found a glowing golden altar of the Shining One.
  3832 | D:5      | Entered Level 5 of the Dungeon
  3835 | D:5      | Noticed Menkaure
  4100 | D:5      | Reached skill level 1 in Conjurations
  4121 | D:5      | Learned a level 4 spell: Summon Ice Beast
  4140 | D:5      | Found a staircase to the Ecumenical Temple.
  4167 | D:5      | Reached skill level 1 in Summonings
  4167 | D:5      | Reached skill level 6 in Ice Magic
  4173 | Temple   | Entered the Ecumenical Temple
  4303 | Temple   | Became a worshipper of Vehumet
  4431 | D:5      | Killed Menkaure
  4432 | D:5      | Reached skill level 5 in Spellcasting
  4432 | D:5      | Gained mutation: You have razor-sharp teeth. [Vine Stalker
                  | growth]
  4432 | D:5      | Reached XP level 8. HP: 39/39 MP: 16/16
  4641 | D:5      | Reached skill level 5 in Stealth
  5292 | D:6      | Found a transporter.
  5292 | D:6      | Found a transporter.
  5352 | D:6      | Noticed a kobold demonologist
  5379 | D:6      | Noticed Sigmund
  5389 | D:6      | Killed Sigmund
  5842 | D:7      | Reached * piety under Vehumet
  5842 | D:7      | Offered knowledge of Kiss of Death by Vehumet.
  5843 | D:7      | Reached XP level 9. HP: 43/44 MP: 11/19
  5856 | D:7      | Noticed a hornet
  5984 | D:7      | Reached skill level 7 in Ice Magic
  6134 | D:7      | Found Lireegit's Assorted Antiques.
  6165 | D:7      | Bought a scroll labelled HUHIUJ IXIKA for 25 gold pieces
  6165 | D:7      | Bought a coppery potion for 22 gold pieces
  6165 | D:7      | Bought a scroll labelled ETEUFU NULUI for 25 gold pieces
  6165 | D:7      | Bought a fabulously ornate robe for 142 gold pieces
  6165 | D:7      | Identified the +4 robe of Untold Secrets {rF+ Will+} (You
                  | bought it in a shop on level 7 of the Dungeon)
  6299 | D:7      | Paralysed by a hornet for 2 turns
  6299 | D:7      | Killed a hornet
  6445 | D:7      | Found a bloodstained altar of Trog.
  6499 | D:7      | Noticed Pikel
  6510 | D:7      | Killed Pikel
  6783 | D:7      | Found a runed translucent door.
  6784 | D:7      | Noticed Crazy Yiuf
  6791 | D:7      | Killed Crazy Yiuf
  7111 | D:8      | Reached XP level 10. HP: 49/49 MP: 14/21
  7136 | D:8      | Reached skill level 8 in Ice Magic
  7212 | D:8      | Found a staircase to the Lair.
  7257 | D:8      | Offered knowledge of Static Discharge by Vehumet.
  7289 | D:8      | Identified a scroll of acquirement
  7359 | D:8      | Reached ** piety under Vehumet
  7724 | D:8      | Noticed a skeletal warrior
  7902 | D:8      | Found a shimmering blue altar of Sif Muna.
  7907 | D:8      | Found a hazy altar of Hepliaklqana.
  7907 | D:8      | Found a basalt altar of Yredelemnul.
  7920 | D:8      | Found a sparkling altar of Nemelex Xobeh.
  7924 | D:8      | Found a glowing silver altar of Zin.
  8043 | D:8      | Found a runed translucent door.
  8043 | D:8      | Noticed a skeletal warrior
  8043 | D:8      | Noticed a cyclops
  8043 | D:8      | Noticed a manticore
  8045 | D:8      | Noticed an ogre mage
  8045 | D:8      | Noticed an orc knight
  8444 | D:8      | Acquired 1027 gold pieces
  8598 | D:8      | Noticed a spectral unseen horror
  8660 | D:9      | Acquired the staff of air "Qobrinima" {rElec rCorr Str-3
                  | Int+6}
  8666 | D:9      | Learned a level 2 spell: Static Discharge
  8674 | D:9      | Noticed a two-headed ogre
  8684 | D:9      | Killed a two-headed ogre
  9117 | D:9      | Offered knowledge of Stone Arrow by Vehumet.
  9226 | D:9      | Identified the +8 quarterstaff "Celeass" {elec, rF+}
  9295 | D:9      | Reached skill level 1 in Air Magic
  9295 | D:9      | Reached skill level 1 in Evocations
  9477 | D:9      | Reached skill level 1 in Armour
  9562 | D:9      | Learned a level 4 spell: Iskenderun's Mystic Blast
  9807 | D:9      | Reached XP level 11. HP: 52/54 MP: 19/24
 10140 | D:10     | Entered Level 10 of the Dungeon
 10140 | D:10     | Noticed a two-headed ogre
 10151 | D:10     | Killed a two-headed ogre
 10152 | D:10     | Reached skill level 9 in Ice Magic
 10230 | D:10     | Reached *** piety under Vehumet
 10432 | D:10     | Found the +6 arbalest "Damnation" {damnation}
 10484 | D:10     | Reached skill level 1 in Translocations
 10504 | D:10     | Reached skill level 5 in Fighting
 10525 | D:10     | Noticed a two-headed ogre
 10530 | D:10     | Killed a two-headed ogre
 10539 | D:10     | Noticed a two-headed ogre
 10540 | D:10     | Noticed a two-headed ogre
 10542 | D:10     | Reached skill level 1 in Ranged Weapons
 10544 | D:10     | Offered knowledge of Inner Flame by Vehumet.
 10549 | D:10     | Killed a two-headed ogre
 10550 | D:10     | Reached skill level 5 in Dodging
 10550 | D:10     | Reached skill level 5 in Summonings
 10551 | D:10     | Killed a two-headed ogre
 10757 | D:10     | Reached skill level 5 in Conjurations
 10944 | D:10     | Noticed a cyclops
 10948 | D:10     | Killed a cyclops
 11142 | D:10     | Identified the +5 helmet of Vlad {Will+ Dex+3}
 11300 | D:11     | Found a gate leading to a gauntlet.
 11305 | Gauntlet | Entered a Gauntlet
 11305 | Gauntlet | Found a transporter.
 11317 | Gauntlet | Found a transporter.
 11320 | Gauntlet | Found a transporter.
 11321 | Gauntlet | Found a transporter.
 11329 | Gauntlet | Found a transporter.
 11332 | Gauntlet | Found a transporter.
 11333 | Gauntlet | Found a transporter.
 11342 | Gauntlet | Found a transporter.
 11345 | Gauntlet | Found a transporter.
 11346 | Gauntlet | Found a transporter.
 11348 | Gauntlet | Noticed a white ugly thing
 11348 | Gauntlet | Noticed a green ugly thing
 11349 | Gauntlet | Noticed a glowing orange brain
 11352 | Gauntlet | Found a runed translucent gate.
 11352 | Gauntlet | Found a runed translucent gate.
 11353 | Gauntlet | Found a runed translucent gate.
 11354 | Gauntlet | Found a transporter.
 11357 | Gauntlet | Found a transporter.
 11358 | Gauntlet | Found a transporter.
 11364 | Gauntlet | Noticed a dire elephant
 11366 | Gauntlet | Found a transporter.
 11699 | Gauntlet | Reached XP level 12. HP: 38/60 MP: 8/26
 12144 | Gauntlet | Noticed a minotaur
 12180 | Gauntlet | Killed a minotaur
 12281 | D:11     | Noticed a two-headed ogre
 12282 | D:11     | Reached **** piety under Vehumet
 12295 | D:11     | Reached skill level 10 in Ice Magic
 12295 | D:11     | Offered knowledge of Freezing Cloud by Vehumet.
 12296 | D:11     | Killed a two-headed ogre
 12343 | D:11     | Noticed Josephine
 12347 | D:11     | Killed Josephine
 12495 | D:10     | Learned a level 5 spell: Freezing Cloud
 12557 | D:11     | Found a staircase to the Orcish Mines.
 12722 | D:11     | Reached ***** piety under Vehumet
 12724 | D:11     | Offered knowledge of Iron Shot by Vehumet.
 13555 | D:12     | Slain by a skeletal warrior

Illustrated notes

Levels and vault maps discovered:
D:1:      erik_arrival_triangle_large, layout_basic, st_stairs_2, minivault_11,
          nicolae_concentric_dashed_squares_wild, minmay_tree_intersection,
          minmay_3d_cube
D:2:      layout_basic
D:3:      layout_loops_ring, cheibriados_altar_1
D:4:      layout_basic, amethyst_overflow_temple_binary
D:5:      layout_loops_ring, minmay_temple_entry_ruins,
          minmay_misc_feat_encased, minivault_19, uniq_menkaure
D:6:      gammafunk_wand_slinger, layout_loops_ring, uniq_sigmund
D:7:      layout_cave_pools, mainiacjoe_overflow_alcove_1, serial_shops,
          nicolae_shop_trees, uniq_pikel, uniq_crazy_yiuf_cottage
D:8:      minmay_gate_of_8, layout_basic, minmay_overflow_temple_star_hex,
          minmay_lair_entry_grove, minivault_5, dilly_guarded_unrand_morg
D:9:      layout_roguey, skrybe_limestone_x, bh_walls_and_bars
D:10:     layout_rooms, nzn_random_ring
D:11:     layout_loops_ring, zombieorc1_lemuel, gauntlet_entry_generic,
          serial_bayou_ford_a, uniq_josephine
D:12:     layout_cave_pools, minmay_hedge_maze, minmay_starry_boxes
Temple:   nicolae_temple_ecumenical_triangle

Skill      XL: |  1  2  3  4  5  6  7  8  9 10 11 12 |
---------------+-------------------------------------+-----
Fighting       | 1 2 3 4 5 |  5.9
Stealth        | 3 4 5 6 7 8 9 |  9.1
Spellcasting   | 3 4 5 6 7 8 9 |  9.8
Dodging        | 2 3 4 5 |  5.6
Ice Magic      | 5 6 7 8 9 10 | 10.4
Conjurations   | 1 2 3 4 5 |  5.8
Summonings     | 1 2 3 4 5 |  5.9
Air Magic      | 1 3 4 |  4.0
Evocations     | 1 |  1.9
Armour         | 1 |  1.6
Translocations | 2 3 |  3.4
Ranged Weapons | 2 4 |  4.4

Action                     |  1- 3 |  4- 6 |  7- 9 | 10-12 || total
---------------------------+-------+-------+-------+-------++-------
  Melee: Unarmed           |     5 |     1 |       |       ||     6
         Bite              |     3 |     6 |    55 |    12 ||    76
         Dagger            |       |    20 |   133 |    11 ||   164
         Punch             |       |       |     3 |       ||     3
         Staff             |       |       |       |     9 ||     9
         Quarterstaff      |       |       |       |    22 ||    22
   Fire: Arbalest          |       |       |       |   118 ||   118
  Throw: Dart              |     1 |       |     1 |    10 ||    12
         Boomerang         |       |       |     3 |     1 ||     4
   Cast: Freeze            |    53 |    60 |    86 |   117 ||   316
         Frozen Ramparts   |       |     4 |    14 |    47 ||    65
         Ozocubu's Armour  |       |       |     8 |     8 ||    16
         Summon Ice Beast  |       |       |    10 |    41 ||    51
         Static Discharge  |       |       |       |    19 ||    19
         Iskenderun's Myst |       |       |       |    16 ||    16
  Evoke: Wand              |       |       |     1 |     3 ||     4
    Use: Scroll            |       |       |    13 |    17 ||    30
         Potion            |       |       |     3 |     6 ||     9
   Stab: Sleeping          |     1 |     5 |     3 |     2 ||    11
         Distracted        |       |       |     1 |       ||     1
 Armour: Robe              |     9 |    14 |    55 |    92 ||   170
         Ring mail         |       |       |       |    10 ||    10
  Dodge: Dodged            |    23 |    32 |   109 |   205 ||   369
